 Dungeon Crawl Stone Soup version 0.29-a0-817-g9904bce7a6 (webtiles) character file.

Game seed: 13206236629473755052

53 pyrow613 the Shield-Bearer (level 3, -4/31 HPs)
             Began as a Demigod Fighter on July 5, 2022.
             Splashed by a jelly's acid (8 damage)
             ... on level 4 of the Dungeon.
             The game lasted 00:03:36 (1669 turns).

pyrow613 the Shield-Bearer (Demigod Fighter)        Turns: 1669, Time: 00:03:38

Health: -4/31      AC:  2    Str: 21    XL:     3   Next: 42%
Magic:  5/5        EV:  9    Int: 10    God:
Gold:   66         SH:  5    Dex: 19    Spells: 2/2 levels left

rFire   . . .      SeeInvis .   a - +0 long sword
rCold   . . .      Faith    .   c - +0 buckler
rNeg    + . .      Spirit   .   g - +0 scale mail
rPois   .          Reflect  .   (no helmet)
rElec   .          Harm     .   (no cloak)
rCorr   .          Rampage  .   (no gloves)
Will    .....                   (no boots)
Stlth   ..........              (no amulet)
HPRegen 0.10/turn               f - +6 ring of dexterity
MPRegen 0.09/turn               l - ring of positive energy

@: corroded
A: high MP 1, forlorn, divine attributes
a: no special abilities


You were on level 4 of the Dungeon.
You visited 1 branch of the dungeon, and saw 3 of its levels.

You collected 82 gold pieces.
You spent 16 gold pieces at shops.

Inventory:

Hand Weapons
 a - a +0 long sword (weapon)
 b - a +0 sling
Armour
 c - a +0 buckler (worn)
 g - a +0 scale mail (worn)
 n - an orb of light
Jewellery
 f - a +6 ring of dexterity (left hand)
 l - a ring of positive energy (right hand)
Scrolls
 e - a scroll of brand weapon {unknown}
 h - 2 scrolls of fear {unknown}
 i - a scroll of teleportation {unknown}
 j - a scroll of vulnerability {unknown}
 k - a scroll of noise {unknown}
 m - a scroll of silence {unknown}
Potions
 d - 2 potions of might
 o - a potion of magic {unknown}


   Skills:
 + Level 3.0 Fighting
 * Level 2.6 Long Blades
 + Level 3.0 Armour
 + Level 3.1 Shields


You had 2 spell levels left.
You didn't know any spells.
Your spell library was empty.

Dungeon Overview and Level Annotations

Branches:
Dungeon (2/15)

Shops:
D:1 (


Innate Abilities, Weirdness & Mutations

You have an increased reservoir of magic. (+10% MP)
You shall have no god before yourself.
Your divine heritage dramatically boosts your attributes as you level up.


Message History

There is an open door, spattered with blood here.
Things that are here:
a +0 dagger; a ball python corpse; a goblin corpse You start resting.
HP restored.
You now have 66 gold pieces (gained 11).
There is an open door, spattered with blood here.
Things that are here:
a +0 dagger; a ball python corpse; a goblin corpse You open the door.
A jelly comes into view.
The jelly quivers.
Found a scroll labelled KAURHYIDOT.
There is an open door, spattered with blood here.
Things that are here:
a +0 dagger; a ball python corpse; a goblin corpse You block the jelly's attack.
You hit the jelly.
Your hands burn!
The jelly is moderately wounded.
The jelly closely misses you. x2
You hit the jelly. The acid corrodes you!
Your hands burn!
The jelly is severely wounded.
The jelly barely misses you.
You barely miss the jelly.
The jelly is severely wounded.
The jelly hits you. The acid corrodes you!
You are splashed with acid!
You are too injured to fight recklessly!
A jelly is nearby!
You completely miss the jelly.
The jelly is severely wounded.
The jelly hits you.
You are splashed with acid!
* * * LOW HITPOINT WARNING * * *
The jelly barely misses you.
You hit the jelly.
Your hands burn!
* * * LOW HITPOINT WARNING * * *
The jelly is severely wounded.
The jelly hits you.
* * * LOW HITPOINT WARNING * * *
You are splashed with acid!
You die...

#.......#.#...##'#######
####.####.#.#...........
#.# #.#.#...........
#.####.#.#...........
#.#........##)#######
#.#.##.#.###...##
#.#....#.##.....##
#.##.....#...J...#
#........#...@...#
####..[.##.......#
#....###.....## #....#
##.[.## #....# #####
#....# #....# ....#


You could see a jelly.

Vanquished Creatures
  2 adders (D:2)
  A worm (D:2)
  3 orcs (D:4)
  6 ball pythons
  An endoplasm (D:1)
  3 goblins
  2 hobgoblins (D:1)
  4 jackals (D:2)
  A kobold (D:1)
  A quokka (D:1)
  4 rats
28 creatures vanquished.

Notes
Turn   | Place    | Note
-------+----------+-------------------------------------------
     0 | D:1      | pyrow613 the Demigod Fighter began the quest for the Orb.
     0 | D:1      | Reached XP level 1. HP: 18/18 MP: 3/3
   428 | D:1      | Found Sadgh's Weapon Shop.
   484 | D:1      | Bought a +0 sling for 16 gold pieces
   632 | D:1      | Reached XP level 2. HP: 24/25 MP: 4/4
  1001 | D:2      | Reached XP level 3. HP: 24/31 MP: 5/5
  1479 | D:2      | You fall into a shaft and drop 2 floors!
  1669 | D:4      | Splashed by a jelly's acid

Illustrated notes

Levels and vault maps discovered:
D:1:      ncdulo_halloftheorcs, layout_loops_ring, serial_shops,
          nicolae_shop_bloodbath_and_beyond, st_stairs_1
D:2:      layout_loops_ring, nicolae_ecumenical_snake_handling
D:4:      kennysheep_six_static_rooms, layout_basic

Skill      XL: |  1  2 |
---------------+-------+-----
Long Blades    | 2 |  2.6
Shields        | 3 |  3.1
Fighting       | 3 |  3.0
Armour         | 3 |  3.0

Action                   || total
-------------------------++-------
Melee: Long sword        ||    76
 Fire: Sling             ||    19
Armor: Scale mail        ||    32
Dodge: Dodged            ||    34
Block: Buckler           ||    20

Table legend: (Time is in decaauts)
 A = Elapsed time spent in this place.
 B = Non-inter-level travel time spent in this place.
 C = Inter-level travel time spent in this place.
 D = Time resting spent in this place.
 E = Time spent auto-exploring this place.
 F = Levels seen in this place.
 G = Mean time per level.
                   A        B        C        D        E       F      G
               +--------+--------+--------+--------+--------+-----+--------+
         Total |   1696 |   1623 |     73 |    104 |   1248 |   3 |  565.3 |
       Dungeon |   1696 |   1623 |     73 |    104 |   1248 |   3 |  565.3 |
               +--------+--------+--------+--------+--------+-----+--------+

Top non-repeatable levels by time:
     D:1: 865 daAuts
     D:2: 633 daAuts
     D:4: 196 daAuts
